 Dungeon Crawl Stone Soup version 0.28-a0-43-g560ac104fe (webtiles) character file.

Game seed: 15677927944209208406

1235274 pkoi the End of an Era (level 27, 0/273 HPs)
             Began as a Minotaur Fighter on July 27, 2021.
             Was the Champion of Qazlal.
             Slain by an iron giant (45 damage)
             ... created by the effects of Hell
             ... on level 7 of the Iron City of Dis on July 28, 2021.
             The game lasted 04:40:21 (120429 turns).

pkoi the End of an Era (Minotaur Fighter)         Turns: 120429, Time: 04:40:21

Health: 0/273      AC: 43    Str: 34 (35) XL:     27
Magic:  43/43      EV: 17    Int:  1 (2)  God:    Qazlal [******]
Gold:   10435      SH: 46    Dex: 12      Spells: 39/47 levels left

rFire   + + +      SeeInvis +   b - +9 sacred scourge (holy)
rCold   + + +      Faith    .   c - +10 tower shield of Ignorance {rN+ Int-4}
rNeg    + + +      Spirit   .   m - +9 gold dragon scales
rPois   +          Reflect  .   R - +0 mask of the Dragon {Will+ Slay+3 SInv}
rElec   +          Harm     .   V - scarf {rC+ rF+}
rCorr   +          Rampage  .   x - +1 pair of gloves "Zotsawn" {rC+ Will++}
Will    +++++                   r - +2 pair of boots
Stlth   ..........              j - amulet of Dyism {Acrobat rF+ rCorr Dex+2 Slay+3}
HPRegen 0.00/turn               v - ring of Zocrep {rElec rN+ Slay+4}
MPRegen 0.28/turn               Z - ring of Migink {rN+ Str+4 Slay+4 SInv}

@: unable to read, inhibited regen, studying 2 skills, repel missiles
A: horns 2, retaliatory headbutt, deterioration 1, dopey 1, high mp 1, inhibited
regeneration, subdued magic 1, inability to read while threatened
}: 12/15 runes: serpentine, barnacled, slimy, silver, obsidian, icy, abyssal,
demonic, glowing, magical, fiery, dark
a: Renounce Religion, Upheaval, Elemental Force, Disaster Area


You were on level 7 of the Iron City of Dis.
You worshipped Qazlal.
Qazlal was exalted by your worship.
You visited 17 branches of the dungeon, and saw 81 of its levels.
You visited Pandemonium 1 time, and saw 9 of its levels.
You visited the Abyss 3 times.
You also visited: Gauntlet and Wizlab.

You collected 14856 gold pieces.
You spent 4421 gold pieces at shops.

Inventory:

Hand Weapons
 a - a +8 vampiric demon whip
 b - a +9 sacred scourge of holy wrath (weapon)
Missiles
 o - 25 curare-tipped darts
 p - 18 throwing nets
 y - 33 javelins
 L - 23 silver javelins (quivered)
Armour
 c - the +10 tower shield of Ignorance (worn) {rN+ Int-4}
   (You found it in a Gauntlet)

   Int:       It affects your intelligence (-4).
   rN:        It protects you from negative energy.
 m - +9 gold dragon scales (worn)
 r - a +2 pair of boots (worn)
 x - the +1 pair of gloves "Zotsawn" (worn) {rC+ Will++}
   (You acquired it on level 1 of the Realm of Zot)

   rC:        It protects you from cold.
   Will:      It greatly increases your willpower.
 R - the +0 mask of the Dragon (worn) {Will+ Slay+3 SInv}
   (You found it on level 3 of the Elven Halls)

   Slay:      It affects your accuracy & damage with ranged weapons and melee
   (+3).
   SInv:      It lets you see invisible.
   Will:      It increases your willpower.
 V - a scarf of resistance (worn)
Jewellery
 j - the amulet of Dyism (around neck) {Acrobat rF+ rCorr Dex+2 Slay+3}
   (You acquired it on level 14 of the Dungeon)

   [amulet of the acrobat]

   It increases your evasion while moving and waiting.
   Dex:       It affects your dexterity (+2).
   Slay:      It affects your accuracy & damage with ranged weapons and melee
   (+3).
   rF:        It protects you from fire.
   rCorr:     It protects you from acid and corrosion.
 t - the ring "Liolato" {EV+4 Int+6 Dex+2}
   (You found it on level 12 of the Dungeon)

   [ring of evasion]

   EV:        It affects your evasion (+4).
   Int:       It affects your intelligence (+6).
   Dex:       It affects your dexterity (+2).
 v - the ring of Zocrep (left hand) {rElec rN+ Slay+4}
   (You acquired it on level 1 of the Elven Halls)

   [ring of slaying]

   Slay:      It affects your accuracy & damage with ranged weapons and melee
   (+4).
   rElec:     It insulates you from electricity.
   rN:        It protects you from negative energy.
 Z - the ring of Migink (right hand) {rN+ Str+4 Slay+4 SInv}
   (You took it off a deep elf zephyrmancer on level 3 of the Elven Halls)

   [ring of slaying]

   Str:       It affects your strength (+4).
   Slay:      It affects your accuracy & damage with ranged weapons and melee
   (+4).
   rN:        It protects you from negative energy.
   SInv:      It lets you see invisible.
Wands
 l - a wand of iceblast (71)
 q - a wand of digging (29)
 F - a wand of acid (78)
 G - a wand of mindburst (65)
 J - a wand of paralysis (62)
Scrolls
 f - a scroll of summoning
 s - 58 scrolls of identify
 u - 39 scrolls of teleportation
 B - 12 scrolls of blinking
 E - 8 scrolls of magic mapping
 H - 10 scrolls of amnesia
 M - 11 scrolls of fear
 N - 2 scrolls of brand weapon
 S - 9 scrolls of fog
 U - a scroll of silence
 Y - 4 scrolls of holy word
Potions
 d - 15 potions of might
 e - 7 potions of flight
 h - 18 potions of heal wounds
 i - 40 potions of curing
 k - 8 potions of haste
 n - 17 potions of brilliance
 w - 9 potions of invisibility
 z - 6 potions of magic
 A - a potion of ambrosia
 C - 8 potions of cancellation
 D - 3 potions of resistance
 K - 5 potions of berserk rage
Miscellaneous
 g - a phantom mirror


   Skills:
 O Level 27 Fighting
 O Level 27 Maces & Flails
 + Level 18.0 Throwing
 O Level 27 Armour
 + Level 26.4 Dodging
 O Level 27 Shields
 + Level 10.6 Spellcasting
 + Level 16.7 Translocations
 O Level 27 Invocations
 + Level 11.5 Evocations


You had 39 spell levels left.
You knew the following spells:

 Your Spells              Type           Power      Damage    Failure   Level
a - Apportation           Tloc           4%         N/A       1%          1
b - Blink                 Tloc           N/A        N/A       1%          2
c - Manifold Assault      Tloc           2%         N/A       2%          5

Your spell library contained the following spells:

 Spells                   Type           Power      Damage    Failure   Level
 Gell's Gravitas          Tloc           1%         N/A       1%          3
 Lesser Beckoning         Tloc           1%         N/A       1%          3
 Teleport Other           Tloc           2%         N/A       1%          3
 Passage of Golubria      Tloc           N/A        N/A       1%          4
 Portal Projectile        Hex/Tloc       2%         N/A       8%          3
 Dispersal                Tloc           1%         N/A       13%         6
 Iskenderun's Mystic Bla  Conj/Tloc      1%         2d3       28%         4
 Summon Forest            Summ/Tloc      0%         N/A       63%         5
 Animate Skeleton         Necr           0%         N/A       67%         1
 Beastly Appendage        Tmut           0%         N/A       67%         1
 Corona                   Hex            0%         N/A       67%         1
 Foxfire                  Conj/Fire      0%         2x1d4     67%         1
 Freeze                   Ice            0%         1d3       67%         1
 Magic Dart               Conj           0%         1d3       67%         1
 Pain                     Necr           0%         1d4       67%         1
 Sting                    Tmut/Pois      0%         1d3       67%         1
 Summon Small Mammal      Summ           0%         N/A       67%         1
 Call Imp                 Summ           0%         N/A       82%         2
 Corpse Rot               Necr/Air       N/A        N/A       82%         2
 Ensorcelled Hibernation  Hex/Ice        0%         N/A       82%         2
 Poisonous Vapours        Pois/Air       0%         N/A       82%         2
 Searing Ray              Conj           0%         3d3       82%         2
 Slow                     Hex            0%         N/A       82%         2
 Static Discharge         Conj/Air       0%         N/A       82%         2
 Sublimation of Blood     Necr           0%         N/A       82%         2
 Wereblood                Tmut           0%         N/A       82%         2
 Call Canine Familiar     Summ           0%         N/A       96%         3
 Confusing Touch          Hex            0%         N/A       96%         3
 Conjure Flame            Conj/Fire      0%         6-21      96%         3
 Dazzling Flash           Conj/Hex       0%         N/A       96%         3
 Frozen Ramparts          Ice            0%         1d2       96%         3
 Ignite Poison            Fire/Tmut/Pois 0%         N/A       96%         3
 Inner Flame              Hex/Fire       0%         N/A       96%         3
 Mephitic Cloud           Conj/Pois/Air  0%         N/A       96%         3
 Ozocubu's Armour         Ice            0%         N/A       96%         3
 Spider Form              Tmut/Pois      0%         N/A       96%         3
 Stone Arrow              Conj/Erth      0%         3d7       96%         3
 Summon Guardian Golem    Hex/Summ       0%         N/A       96%         3
 Tukima's Dance           Hex            0%         N/A       96%         3
 Vampiric Draining        Necr           0%         2d6       96%         3
 Animate Armour           Summ/Erth      0%         N/A       100%        4
 Animate Dead             Necr           0%         N/A       100%        4
 Cause Fear               Hex            0%         N/A       100%        4
 Dispel Undead            Necr           0%         3d6       100%        4
 Fulminant Prism          Conj/Hex       0%         3d6       100%        4
 Hailstorm                Conj/Ice       0%         3d3       100%        4
 Ice Form                 Ice/Tmut       0%         N/A       100%        4
 Leda's Liquefaction      Hex/Erth       0%         N/A       100%        4
 Olgreb's Toxic Radiance  Pois           0%         N/A       100%        4
 Petrify                  Tmut/Erth      0%         N/A       100%        4
 Sticky Flame             Conj/Fire      0%         2d3       100%        4
 Summon Ice Beast         Ice/Summ       0%         N/A       100%        4
 Summon Lightning Spire   Summ/Air       0%         N/A       100%        4
 Agony                    Necr           0%         N/A       100%        5
 Alistair's Intoxication  Tmut/Pois      0%         N/A       100%        5
 Blade Hands              Tmut           0%         N/A       100%        5
 Bolt of Magma            Conj/Fire/Erth 0%         4d4       100%        5
 Borgnjor's Vile Clutch   Necr/Erth      0%         N/A       100%        5
 Excruciating Wounds      Necr           0%         N/A       100%        5
 Fireball                 Conj/Fire      0%         3d3       100%        5
 Freezing Cloud           Conj/Ice/Air   0%         6-21      100%        5
 Irradiate                Conj/Tmut      0%         3d13      100%        5
 Iskenderun's Battlesphe  Conj           0%         2d6       100%        5
 Lightning Bolt           Conj/Air       0%         1d11      100%        5
 Metabolic Englaciation   Hex/Ice        0%         N/A       100%        5
 Silence                  Hex/Air        0%         N/A       100%        5
 Summon Mana Viper        Hex/Summ       0%         N/A       100%        5
 Yara's Violent Unravell  Hex/Tmut       0%         3d3       100%        5
 Conjure Ball Lightning   Conj/Air       0%         3x3d6     100%        6
 Death Channel            Necr           0%         N/A       100%        6
 Eringya's Noxious Bog    Tmut/Pois      0%         N/A       100%        6
 Iron Shot                Conj/Erth      0%         9d1       100%        6
 Shadow Creatures         Summ           N/A        N/A       100%        6
 Simulacrum               Ice/Necr       0%         N/A       100%        6
 Starburst                Conj/Fire      0%         8x6d3     100%        6
 Statue Form              Tmut/Erth      0%         N/A       100%        6
 Dragon Form              Tmut           0%         N/A       100%        7
 Malign Gateway           Summ/Tloc      0%         N/A       100%        7
 Monstrous Menagerie      Summ           0%         N/A       100%        7
 Ozocubu's Refrigeration  Ice            0%         4d5       100%        7
 Spellforged Servitor     Conj/Summ      0%         N/A       100%        7
 Summon Hydra             Summ           0%         N/A       100%        7
 Discord                  Hex            0%         N/A       100%        8
 Disjunction              Tloc           1%         N/A       100%        8
 Ignition                 Fire           0%         3d3       100%        8
 Lehudib's Crystal Spear  Conj/Erth      0%         10d2      100%        8
 Maxwell's Capacitive Co  Air            0%         ∞         100%        8
 Summon Horrible Things   Summ           0%         N/A       100%        8
 Chain Lightning          Conj/Air       0%         N/A       100%        9
 Dragon's Call            Summ           0%         N/A       100%        9
 Fire Storm               Conj/Fire      0%         5d1       100%        9
 Polar Vortex             Ice            0%         N/A       100%        9


Dungeon Overview and Level Annotations

Branches:
Dungeon (15/15)            Temple (1/1) D:7            Lair (6/6) D:10
 Shoals (4/4) Lair:3        Snake (4/4) Lair:3        Slime (5/5) Lair:5
    Orc (2/2) D:10            Elf (3/3) Orc:2        Vaults (5/5) D:14
  Crypt (3/3) Vaults:2       Tomb (1/3) Crypt:3      Depths (5/5) D:15
   Hell (visited)             Dis (7/7) Hell            Geh (7/7) Hell
    Coc (7/7) Hell            Tar (0/7) Hell            Zot (5/5) Depths:5
 WizLab (visited)         Gauntlet (visited)

Altars:
Ashenzari
Cheibriados
Dithmenos
Elyvilon
Fedhas
Gozag
Hepliaklqana
Kikubaaqudgha
Makhleb
Nemelex Xobeh
Okawaru
Qazlal
Ru
Sif Muna
Trog
Uskayaw
Vehumet
Wu Jian
Xom
Yredelemnul
Zin
The Shining One
Beogh
Jiyva

Shops:
D:8 :*   Orc:2 [*:**(   Elf:1 ?[(   Elf:3 [   Shoals:1 =   Shoals:3 [
Snake:4 *   Vaults:2 (   Crypt:1 *   Depths:2 *

Portals:
Hell: Depths:1 Depths:2 Depths:3 Depths:4 Depths:5
Abyss: Depths:4
Pandemonium: Depths:3
Ziggurat: Depths:2


Innate Abilities, Weirdness & Mutations

You have a pair of horns on your head.
You reflexively headbutt those who attack you in melee.
Your body sometimes deteriorates upon taking damage.
You are dopey. (Int -2)
You have an increased reservoir of magic. (+10% MP)
You do not regenerate when monsters are visible.
Your spells are a little easier to cast, but a little less powerful.
You sometimes lose the ability to read scrolls when taking damage.


Message History

The skeletal warrior is heavily damaged.
The skeletal warrior is engulfed in freezing vapours.
You block the skeletal warrior's attack.
An iron imp comes into view.
It is wielding a +0 dagger of venom, wearing a +2 plate armour of cold resistance and wearing the ring of the Mage {Wiz Will++ Int+3}.
You thrash the skeletal warrior!!
You destroy the skeletal warrior!
Qazlal accepts your kill.
The iron imp throws a boomerang.
You block the boomerang. "Trespassers are not welcome here!"
A tormentor, an iron giant, a zombie and 2 ancient champions come into view.
An ancient champion is wielding a +1 battleaxe of freezing.
An ancient champion is wielding a +0 vorpal great sword.
You thrash the tormentor!!
The tormentor convulses!!
You kill the tormentor!
Qazlal accepts your kill.
The ancient champion casts a spell at you.
The iron shot hits you!!!
* * * LOW HITPOINT WARNING * * *
Your body deteriorates!
You feel dopey.
The ancient champion casts a spell.
The ancient champion seems to speed up.
You whack the ancient champion!
The ancient champion convulses.
You headbutt the ancient champion!!
The ancient champion is heavily damaged.
The iron giant is engulfed in blazing flames.
The iron giant casts a spell at you. You block the iron shot.
You thrash the ancient champion!!
The ancient champion convulses!
You destroy the ancient champion!
Qazlal accepts your kill.
You hear a roar!
You punish the iron giant, causing immense pain!!!
The iron giant is moderately wounded.
You block the iron giant's attack.
You whack the iron giant! You headbutt the iron giant!
The iron giant is moderately wounded.
A Brimstone Fiend comes into view.
You thrash the iron giant!! You headbutt the iron giant!
The iron giant is heavily wounded.
The iron giant hits you with a +0 giant spiked club!!!
You die...

..#...##..##..##..##..##..##..##.
#################################
#### #################
...#....#......#..##..## ...#
...#......#.......#
...###'##......#.......#
#'##....#......#.☼§....##'##
........#......#°C..........
........####'###@)z.........
#####..........○..5Z.).1....
#.........☼...°####'##.. ...
#.....≈≈≈......# .# ...
##'#.≈≈≈≈≈.....# #
....#..#.≈≈≈≈≈.##'##
...#..#.≈≈≈≈≈.#...#
...#..#..≈≈≈..#...# #..#.......#
..#


You could see an iron giant, a Brimstone Fiend, an ancient champion (fast), an
iron imp and an elf zombie.

Vanquished Creatures
  Cerebov (Pan)
  Antaeus (Coc:7)
  Asmodeus (Geh:7)
  the Royal Jelly (Slime:5)
  Gloorx Vloq (Pan)
  A seraph (Pan)
  Mnoleg (Pan)
  2 orbs of fire (Zot:5)
  3 dread liches
  Mennas (Pan)
  A royal mummy (Tomb:1)
  3 pandemonium lords (Pan)
  The ghost of Xerom the Bludgeoner, a legendary GnFi of Cheibriados (Zot:5)
  21 shard shrikes
  7 Killer Klowns (Zot:5)
  8 caustic shrikes
  5 curse toes
  Geryon (Hell)
  The ghost of Katt the Executioner, an adept MiFi of the Shining One (Vaults:2)
  10 golden dragons
  7 bone dragons
  2 pearl dragons (Pan)
  19 Brimstone Fiends
  7 Tzitzimimeh
  7 iron giants
  Jorgrun (Shoals:2)
  23 Ice Fiends
  3 electric golems
  18 tentacled monstrosities
  7 Hell Sentinels
  11 Orb Guardians
  A moon troll (WizLab)
  13 liches
  3 titans (Vaults:5)
  6 deep elf blademasters
  19 acid blobs
  A shard shrike skeleton (Crypt:3)
  Asterion (Elf:2)
  The ghost of packetloss the Impaler, an adept MfGl of Gozag (Snake:2)
  6 deep elf master archers
  7 quicksilver dragons
  The ghost of Xemiukyb the Whirler, an adept HaHu of Okawaru (Depths:4)
  35 Executioners
  13 tentacled starspawn
  22 ancient champions
  Polyphemus (Shoals:2)
  Murray (Hell)
  20 storm dragons
  8 sphinxes
  Kirke (Lair:6)
  7 death cobs
  A kraken (Shoals:2)
  Ilsuiw (Shoals:2)
  9 shadow dragons
  6 revenants
  12 rockslimes
  Donald (Vaults:2)
  6 tengu reavers
  16 azure jellies
  22 daevas (Pan)
  9 draconian monks
  4 draconian knights
  Roxanne (Shoals:2)
  8 ghost moths
  8 frost giants
  8 fire giants
  The ghost of ooooo the Eclecticist, an adept DECj of Gozag (Elf:1)
  7 draconian scorchers
  2 iron dragons
  Aizul (Snake:1)
  12 vault wardens
  5 deep elf sorcerers
  6 nagarajas
  20 cacodemons
  2 warmongers (Pan)
  A juggernaut zombie (Crypt:1)
  Louise (Snake:4)
  A draconian shifter (Zot:3)
  6 deep elf elementalists (Elf:3)
  3 orc warlords
  5 curse skulls
  27 balrugs
  24 ironbound preservers
  3 spriggan defenders
  4 draconian stormcallers
  32 very ugly things
  13 ghouls
  13 draconian annihilators
  15 quicksilver oozes
  29 angels
  22 ophanim (Pan)
  44 reapers
  13 stone giants
  2 blood saints (Pan)
  Nessos (D:15)
  5 war gargoyles
  9 vampire knights
  5 lorocyprocas
  13 green draconians
  15 black draconians
  9 deep elf demonologists
  7 elemental wellsprings
  4 black suns (Pan)
  The ghost of Demosthentine the Impaler, a journeyman MfGl of the Shining One (D:12)
  29 apis (Pan)
  2 bennus (Tomb:1)
  22 purple draconians
  7 dire elephants
  3 entropy weavers
  5 deep elf annihilators
  14 white draconians
  24 yellow draconians
  A minotaur (Gauntlet)
  9 spark wasps
  9 red draconians
  5 merfolk javelineers
  25 blizzard demons
  23 ettins
  5 quicksilver dragon zombies
  9 deep elf death magi
  A crystal guardian (WizLab)
  A green death (Pan)
  21 yaktaur captains
  7 eidola
  12 merfolk impalers
  10 jiangshi
  9 deep elf high priests
  5 mummy priests
  12 great orbs of eyes
  9 ironbound thunderhulks
  9 fire dragons
  2 salamander tyrants
  17 naga warriors
  5 rakshasas
  2 monstrous demonspawn (Pan)
  31 vault guards
  29 ice dragons
  5 boulder beetles
  7 spriggan air magi
  A fenstrider witch zombie (Crypt:2)
  2 hell beasts (Depths:2)
  2 merfolk avatars
  5 ogre magi
  A peacekeeper (Vaults:4)
  9 ironbound frosthearts
  10 anacondas
  4 quicksilver dragon skeletons
  5 hydras
  A catoblepas (Shoals:2)
  4 death knights
  6 merfolk aquamancers
  A satyr (shapeshifter) (Vaults:5)
  6 satyrs
  12 centaur warriors
  2 death yaks (Shoals:2)
  16 two-headed ogres
  34 dancing weapons
  A death yak (shapeshifter) (Vaults:5)
  2 tengu warriors
  14 death scarabs (Tomb:1)
  3 orc high priests
  A vampire mage (Vaults:2)
  10 deep troll shamans
  9 hell hogs
  7 titan zombies
  8 deep troll earth magi
  The ghost of Ejua the Slicer, a journeyman SpAK of Lugonu (Lair:1)
  3 shock serpents
  6 ironbound beastmasters
  6 spriggan berserkers
  8 spriggans
  3 thrashing horrors
  Sonja (Lair:6)
  47 sun demons
  11 naga sharpshooters
  Urug (D:12)
  7 storm dragon zombies
  19 deep elf knights
  60 hell knights
  Nergalle (Lair:4)
  2 wretched stars
  13 iron golems
  87 skeletal warriors
  26 soul eaters
  9 salamander mystics
  A spatial maelstrom (Abyss:4)
  26 iron trolls
  13 sea snakes
  7 titan skeletons
  94 deep trolls
  A fire crab (Geh:2)
  18 sixfirhies
  11 shadow wraiths
  21 cherubim (Pan)
  5 ghost moth zombies
  2 orange crystal statues
  2 quicksilver dragon simulacra
  A torturous demonspawn (Pan)
  5 golden dragon zombies
  10 storm dragon skeletons
  6 naga ritualists
  20 anaconda zombies
  2 gelid demonspawn (Pan)
  2 infernal demonspawn (Pan)
  A death drake (shapeshifter) (Vaults:4)
  A bog body (Crypt:3)
  A swamp dragon (Lair:6)
  15 glowing orange brains
  26 phantasmal warriors
  16 ironbound convokers
  16 flayed ghosts
  An obsidian statue (Crypt:1)
  An iron giant skeleton (Crypt:3)
  5 lindwurms
  23 deep elf zephyrmancers
  7 deep elf archers
  2 shadow demons
  9 anaconda skeletons
  19 necromancers
  13 wizards
  4 wolf spider zombies
  4 golden dragon skeletons
  9 orc knights
  11 stone giant zombies
  7 orc sorcerers
  An orb spider (shapeshifter) (Elf:2)
  25 harpies
  A lindwurm (shapeshifter) (Depths:4)
  10 fire giant zombies
  43 deep elf pyromancers
  60 ugly things
  A wolf spider (Lair:6)
  4 shadow dragon skeletons
  11 frost giant zombies
  95 slime creatures
  9 shadow dragon zombies
  2 shining eyes
  5 iron dragon zombies
  A cyclops (shapeshifter) (Vaults:4)
  11 oklob plants (Zot:4)
  7 mana vipers
  18 salamanders
  11 fauns
  9 fire giant skeletons
  24 moths of wrath
  7 cyclopes
  4 stone giant skeletons
  31 rust devils
  7 iron dragon skeletons
  8 manticores
  A manticore (shapeshifter) (Depths:4)
  Maurice (Orc:2)
  An elephant (shapeshifter) (Vaults:4)
  2 worldbinders
  12 elephants
  2 ice statues (Hell)
  6 frost giant skeletons
  2 guardian serpents
  38 black mambas
  12 water nymphs
  8 merfolk sirens
  10 dire elephant zombies
  A black mamba (shapeshifter) (D:13)
  20 smoke demons
  3 shock serpent zombies
  19 vault sentinels
  8 eyes of devastation
  21 orange demons
  2 shock serpent skeletons (Geh:7)
  20 molten gargoyles
  2 titan simulacra (Coc:7)
  22 naga magi
  4 gargoyles
  11 cane toads
  A minotaur zombie (Geh:4)
  3 emperor scorpion zombies
  6 storm dragon simulacra
  4 unseen horrors
  A white draconian zombie (Dis:7)
  4 dire elephant skeletons
  A komodo dragon (Lair:6)
  28 hellions
  6 rime drakes
  2 purple draconian skeletons
  2 catoblepas zombies
  15 efreet
  65 freezing wraiths
  35 yaktaurs
  58 tormentors
  8 demonic crawlers
  5 ancient zymes (Abyss:4)
  2 tengu conjurers
  47 ice devils
  5 catoblepas skeletons
  34 red devils
  28 hydra zombies
  4 anaconda simulacra
  9 hellwings
  7 guardian mummies
  A sea snake skeleton (Hell)
  3 meliai (D:11)
  15 wind drakes
  5 harpy zombies
  A death drake zombie (Crypt:3)
  A white draconian skeleton (Crypt:3)
  40 merfolk
  10 trolls
  13 hornets
  An iron troll skeleton (Crypt:1)
  A jumping spider (Vaults:3)
  9 alligator zombies
  8 hydra skeletons
  Prince Ribbit (D:6)
  A blink frog (shapeshifter) (Vaults:5)
  9 blink frogs
  A death drake skeleton (Crypt:2)
  11 ettin zombies
  11 ice dragon zombies
  16 raiju
  4 harpy skeletons
  11 fire dragon zombies
  10 snapping turtles
  A frost giant simulacrum (Coc:7)
  Grinder (D:3)
  13 dream sheep
  A dream sheep (shapeshifter) (Gauntlet)
  161 flying skulls
  6 redbacks
  3 alligator skeletons
  4 black mamba zombies
  A shock serpent simulacrum (Coc:4)
  15 shadows
  9 ettin skeletons
  2 vampires
  22 starcursed masses
  14 wyverns
  29 ynoxinuls
  12 fire dragon skeletons
  19 air elementals
  12 ice dragon skeletons
  2 tarantellas (Vaults:4)
  37 wraiths
  41 water elementals
  3 ushabtiu
  3 fire bats (Geh:6)
  24 fire elementals
  17 humans (D:14)
  37 yaks
  Grum (D:10)
  2 black mamba skeletons
  A hog (shapeshifter) (Depths:3)
  13 golden eyes
  4 basilisks
  5 steam dragons
  A sea snake simulacrum (Hell)
  22 neqoxecs
  4 vampire mosquitoes
  A harpy simulacrum (Coc:4)
  22 chaos spawn
  37 large abominations
  2 swamp worms (shapeshifter)
  7 wargs
  68 nagas
  An acid dragon (Lair:6)
  43 hell hounds
  2 floating eyes (Pan)
  22 water moccasins
  7 cane toad zombies
  A two-headed ogre skeleton (Crypt:2)
  3 hydra simulacra
  3 sky beasts
  3 cane toad skeletons
  2 swamp drakes (Lair:6)
  2 torturous demonspawn skeletons
  21 ice beasts
  2 snapping turtle zombies
  4 swamp dragon zombies
  40 orc warriors
  An ettin simulacrum (Coc:7)
  4 black bears
  A fire dragon simulacrum (Abyss:2)
  The ghost of SkeletonJelly the Slasher, an amateur DrMo of Elyvilon (D:3)
  6 necrophages
  3 boggarts (D:15)
  3 manticore zombies
  6 wolves
  9 centaurs
  2 manticore skeletons
  18 ogres
  4 swamp dragon skeletons
  A torpor snail zombie (Crypt:2)
  4 phantoms
  The ghost of Dittersdorf the Shield-Bearer, an amateur GrFi (D:4)
  8 snapping turtle skeletons
  4 kobold brigands
  A komodo dragon zombie (Crypt:2)
  3 elf zombies
  14 bullfrogs
  5 earth elementals
  5 scorpions
  A palentonga skeleton (Crypt:3)
  A gnoll sergeant (D:8)
  6 small abominations
  A warg zombie (Crypt:2)
  A hornet simulacrum (D:15)
  A troll skeleton (Pan)
  A troll zombie (Coc:7)
  A snapping turtle simulacrum (Coc:7)
  2 water moccasin skeletons
  5 killer bees (D:9)
  A vampire bat (Lair:3)
  A spriggan zombie (Dis:5)
  69 wights
  2 howler monkeys
  A spriggan skeleton (Pan)
  7 electric eels
  A wolf zombie (Crypt:2)
  2 crimson imps
  A bullfrog zombie (D:6)
  3 centaur zombies
  A human zombie (Dis:2)
  28 iron imps
  27 jellies
  Crazy Yiuf (D:3)
  14 orc priests
  4 bullfrog skeletons
  3 hounds
  A gnoll shaman (D:7)
  5 centaur skeletons
  4 iguanas
  Ijyb (D:3)
  26 orc wizards
  5 hell rats (Lair:5)
  A killer bee zombie (D:7)
  An acid dragon zombie (Crypt:1)
  A felid zombie (Crypt:1)
  A tengu skeleton (Geh:6)
  2 naga skeletons
  2 ogre skeletons
  A hound skeleton (D:4)
  16 mummies
  7 gnolls
  A howler monkey skeleton (D:7)
  6 adders
  A tengu simulacrum (Coc:7)
  15 white imps
  2 ufetubi
  3 worms
  2 dart slugs (D:1)
  67 orcs
  8 ball pythons
  12 bats
  4 endoplasms
  6 giant cockroaches
  10 goblins
  6 hobgoblins
  8 jackals
  5 quokkas
  3 frilled lizards
  29 kobolds
  A kobold zombie (Geh:4)
  2 orc skeletons
  10 rats
  A spectral kobold (Depths:1)
  6 ball lightnings (Pan)
  A bush (Zot:4)
  2 butterflies
  2 fungi (Zot:4)
  A lurking horror (Abyss:4)
  7 starspawn tentacles
  A tentacle (Shoals:2)
4766 creatures vanquished.

Vanquished Creatures (collateral kills)
  Rupert (Lair:6)
  Agnes (Snake:2)
  A merfolk impaler (Shoals:1)
  A vault guard (Vaults:5)
  2 naga warriors (Snake:3)
  A boulder beetle (D:14)
  A hydra (D:14)
  A centaur warrior (D:14)
  An anaconda (Snake:3)
  2 naga sharpshooters
  2 naga ritualists (Snake:3)
  2 deep elf archers (Elf:2)
  2 deep elf zephyrmancers (Elf:2)
  A manticore (Shoals:1)
  An ironbound convoker (Vaults:4)
  4 ugly things
  A guardian serpent (Lair:6)
  3 naga magi
  A black mamba (shapeshifter) (D:14)
  6 black mambas
  A yaktaur (Vaults:4)
  A hornet (Lair:6)
  3 wyverns (Lair:6)
  3 yaks (Lair:6)
  3 nagas (Snake:3)
  3 water moccasins (Lair:6)
  An ice beast (shapeshifter) (D:14)
  3 centaurs (D:14)
  An earth elemental (Elf:2)
54 creatures vanquished.

Vanquished Creatures (others)
  An eldritch tentacle (Pan)
  A fire giant (Depths:1)
  A green death (Pan)
  A death yak (Shoals:2)
  A hell knight (Depths:3)
  3 deep elf knights
  A sun demon (Geh:7)
  2 wizards
  A moth of wrath (Zot:3)
  A smoke demon (Pan)
  3 hellwings (Pan)
  2 flying skulls
  An air elemental (Elf:2)
  A wraith (Geh:7)
  4 humans (Lair:6)
  2 hell hounds (Geh:7)
  A wight (Geh:6)
  An iguana (Lair:6)
  8 ball lightnings (Pan)
  3 bushes (Zot:4)
  2 demonic plants (WizLab)
  50 fungi
  A lurking horror (Abyss:1)
  114 plants
  17 starspawn tentacles
  3 tentacles (Shoals:2)
226 creatures vanquished.

Grand Total: 5046 creatures vanquished

Notes
Turn   | Place    | Note
-------+----------+-------------------------------------------
     0 | D:1      | pkoi the Minotaur Fighter began the quest for the Orb.
     0 | D:1      | Reached XP level 1. HP: 19/19 MP: 0/0
   226 | D:1      | Reached XP level 2. HP: 24/27 MP: 1/1
   435 | D:1      | Found a faded altar of an unknown god.
   641 | D:1      | You fall into a shaft and drop 1 floor!
   980 | D:2      | Reached XP level 3. HP: 31/33 MP: 2/2
  1174 | D:2      | HP: 1/34 [orc (19)]
  1177 | D:2      | Reached XP level 4. HP: 2/41 MP: 3/3
  1658 | D:3      | Noticed Grinder
  1889 | D:3      | Reached XP level 5. HP: 46/47 MP: 4/4
  2034 | D:3      | Noticed Ijyb
  2046 | D:3      | Killed Ijyb
  2207 | D:3      | Killed Grinder
  2208 | D:3      | Reached skill level 5 in Fighting
  2208 | D:3      | Reached skill level 5 in Armour
  2208 | D:3      | Reached skill level 5 in Shields
  2208 | D:3      | Reached XP level 6. HP: 56/56 MP: 5/5
  2229 | D:3      | Found a runed translucent gate.
  2230 | D:3      | Found a runed translucent gate.
  2230 | D:3      | Noticed SkeletonJelly's ghost (amateur DrMo)
  2231 | D:3      | Found a runed translucent gate.
  2242 | D:3      | Noticed a steam dragon
  2564 | D:3      | Found a runed translucent door.
  2565 | D:3      | Noticed Crazy Yiuf
  2790 | D:3      | Killed Crazy Yiuf
  2953 | D:4      | Found a runed translucent gate.
  2953 | D:4      | Found a runed translucent gate.
  2954 | D:4      | Found a runed translucent gate.
  2961 | D:4      | Noticed Dittersdorf's ghost (amateur GrFi)
  3200 | D:4      | Reached skill level 5 in Maces & Flails
  3200 | D:4      | Reached XP level 7. HP: 57/62 MP: 6/6
  3297 | D:4      | Identified the amulet "Louruoh" {Spirit rN+ Will+}
  3617 | D:5      | Entered Level 5 of the Dungeon
  4252 | D:5      | Reached XP level 8. HP: 21/71 MP: 4/7
  5064 | D:6      | Noticed Prince Ribbit
  5077 | D:6      | Killed Prince Ribbit
  5445 | D:6      | Identified 2 scrolls of acquirement
  5445 | D:6      | Acquired a manual of Fighting
  5446 | D:6      | Acquired the ring of the Falcon {Will+ AC+4 Int+2 Dex+2
                  | Stlth+}
  5503 | D:6      | Found an opulent altar of Gozag.
  5648 | D:6      | Found a radiant altar of Vehumet.
  5649 | D:6      | Found an ancient bone altar of Kikubaaqudgha.
  5963 | D:7      | Reached XP level 9. HP: 56/82 MP: 8/8
  6561 | D:7      | Found a staircase to the Ecumenical Temple.
  6573 | Temple   | Entered the Ecumenical Temple
  6701 | Temple   | Became a worshipper of Qazlal Stormbringer
  6826 | D:7      | Found an ornate altar of the Wu Jian Council.
  6888 | D:7      | Found a glowing golden altar of the Shining One.
  7072 | D:7      | Reached skill level 1 in Invocations
  7175 | D:7      | Noticed a cyan ugly thing
  7182 | D:7      | Reached skill level 10 in Fighting
  7198 | D:7      | Killed a cyan ugly thing
  7357 | D:7      | Reached XP level 10. HP: 94/94 MP: 11/11
  7431 | D:7      | Noticed a manticore
  7434 | D:7      | Noticed a two-headed ogre
  7448 | D:6      | Reached * piety under Qazlal
  7736 | D:8      | Found Ronkuato's General Store.
  7942 | D:8      | Found a runed translucent door.
  7944 | D:8      | Noticed a sixfirhy
  8226 | D:8      | Found a basalt altar of Yredelemnul.
  8250 | D:8      | Found Ysuhuqyq's Book Emporium.
  8322 | D:8      | Found an iron altar of Okawaru.
  8365 | D:8      | Reached skill level 10 in Shields
  8370 | D:8      | Reached skill level 10 in Armour
  8829 | D:9      | Found a sacrificial altar of Ru.
  9157 | D:9      | Reached ** piety under Qazlal
  9441 | D:9      | Reached skill level 10 in Maces & Flails
  9441 | D:9      | Reached XP level 11. HP: 104/104 MP: 13/13
  9612 | D:9      | Reached skill level 5 in Invocations
  9645 | D:9      | Identified the ring "Vifogir" {rF+ Int+3 Dex+2 SInv}
  9830 | D:10     | Entered Level 10 of the Dungeon
  9862 | D:10     | Noticed Grum
  9884 | D:10     | Killed Grum
 10239 | D:10     | Found a staircase to the Lair.
 10247 | D:10     | Noticed a two-headed ogre
 10257 | D:10     | Killed a two-headed ogre
 10620 | D:10     | Got Ecsot's Compendium of Curses and Intoxication
 10634 | D:10     | Reached *** piety under Qazlal
 10930 | D:10     | Noticed a two-headed ogre
 10936 | D:10     | Killed a two-headed ogre
 10938 | D:10     | Found a staircase to the Orcish Mines.
 11076 | Lair:1   | Entered Level 1 of the Lair of Beasts
 11666 | Lair:1   | Noticed an eight-headed hydra
 11672 | Lair:1   | Killed an eight-headed hydra
 11896 | Lair:1   | Found a runed translucent door.
 11899 | Lair:1   | Noticed Ejua's ghost (journeyman SpAK)
 12339 | Lair:2   | Noticed a seven-headed hydra
 12350 | Lair:2   | Killed a seven-headed hydra
 12613 | Lair:2   | Reached XP level 12. HP: 110/116 MP: 16/16
 13371 | Lair:3   | Found a staircase to the Shoals.
 13969 | Lair:3   | Found a staircase to the Snake Pit.
 14832 | Lair:4   | Reached skill level 15 in Fighting
 14892 | Lair:4   | Noticed Nergalle
 14895 | Lair:4   | Killed Nergalle
 15059 | Lair:4   | Reached XP level 13. HP: 124/126 MP: 19/19
 15074 | Lair:4   | Reached skill level 10 in Invocations
 15965 | Lair:5   | Found a staircase to the Slime Pits.
 15969 | Lair:5   | Reached **** piety under Qazlal
 16324 | Lair:5   | Identified the +1 ring mail of Restlessness {Rampage rCorr
                  | Str+2}
 16733 | Lair:6   | Entered Level 6 of the Lair of Beasts
 16736 | Lair:6   | Noticed Rupert
 16747 | Lair:6   | Killed Rupert
 16748 | Lair:6   | Reached skill level 1 in Dodging
 17006 | Lair:6   | Noticed Kirke
 17010 | Lair:6   | Killed Kirke
 17815 | Lair:6   | Noticed Sonja
 17816 | Lair:6   | Killed Sonja
 18109 | Lair:6   | HP: 4/129 [cane toad (13)]
 18901 | Lair:6   | Noticed a fire dragon
 18914 | Lair:6   | Killed a fire dragon
 18917 | Lair:6   | Reached XP level 14. HP: 107/138 MP: 17/21
 19512 | D:11     | Found a gate leading to a gauntlet.
 19520 | Gauntlet | Entered a Gauntlet
 19520 | Gauntlet | Found a transporter.
 19520 | Gauntlet | Found a transporter.
 19520 | Gauntlet | Found a transporter.
 19728 | Gauntlet | Found a transporter.
 19731 | Gauntlet | Found a transporter.
 19733 | Gauntlet | Found a transporter.
 19741 | Gauntlet | Found a transporter.
 19745 | Gauntlet | Found a transporter.
 19755 | Gauntlet | Found a transporter.
 19856 | Gauntlet | Found a transporter.
 19860 | Gauntlet | Found a transporter.
 19872 | Gauntlet | Found a transporter.
 20135 | Gauntlet | Found the +10 tower shield of Ignorance {rN+ Int-4}
 20155 | Gauntlet | Got Sif Muna's Incunabulum of the Oath and Air
 20157 | Gauntlet | Identified the ring "Muxkisy" {rPois Str+6 Dex+2}
 20559 | Snake:1  | Entered Level 1 of the Snake Pit
 20561 | Snake:1  | Noticed Aizul
 20586 | Snake:1  | Killed Aizul
 22403 | Snake:2  | Acquired a manual of Shields
 22424 | Snake:2  | Noticed Agnes
 22431 | Snake:2  | Killed Agnes
 22603 | Snake:2  | Noticed a nagaraja
 22615 | Snake:2  | Killed a nagaraja
 22639 | Snake:2  | Noticed a nagaraja
 22649 | Snake:2  | Killed a nagaraja
 22888 | Snake:2  | Found a runed translucent gate.
 22896 | Snake:2  | Noticed packetloss's ghost (adept MfGl)
 22897 | Snake:2  | Reached XP level 15. HP: 136/147 MP: 21/23
 22919 | Snake:2  | Reached skill level 15 in Shields
 23610 | Snake:2  | Found a runed translucent gate.
 23611 | Snake:2  | Found a runed translucent gate.
 24246 | D:3      | Killed SkeletonJelly's ghost
 24285 | D:4      | Killed Dittersdorf's ghost
 24369 | D:7      | Reached ***** piety under Qazlal
 25123 | Snake:3  | Reached skill level 15 in Maces & Flails
 26107 | Snake:4  | Entered Level 4 of the Snake Pit
 26111 | Snake:4  | Noticed Louise
 26999 | Snake:3  | Reached XP level 16. HP: 81/155 MP: 15/25
 27379 | Snake:4  | Killed Louise
 28203 | Snake:4  | Reached skill level 15 in Invocations
 29029 | Snake:4  | Found Yboatenk's Assorted Antiques.
 29347 | Snake:4  | Got a serpentine rune of Zot
 29558 | Shoals:1 | Entered Level 1 of the Shoals
 29628 | Shoals:1 | Found Eddaqom's Jewellery Emporium.
 30306 | Shoals:1 | Bought the ring "Boegam" {Drain rPois rCorr Slay+3 SInv}
                  | for 481 gold pieces
 30770 | Shoals:2 | Noticed a kraken
 30790 | Shoals:2 | Killed a kraken
 31025 | Shoals:2 | Reached XP level 17. HP: 151/163 MP: 25/27
 31035 | Shoals:2 | Noticed Polyphemus
 31056 | Shoals:2 | Killed Polyphemus
 31427 | Shoals:2 | Identified the +6 mace of Beyond {vorpal, rC+ Str+3}
 31561 | Shoals:2 | Identified Roxanne's Disquisition on Transmutation
 31561 | Shoals:2 | Noticed Roxanne
 31978 | Shoals:2 | Noticed Jorgrun
 31996 | Shoals:2 | Killed Jorgrun
 31999 | Shoals:2 | Noticed Ilsuiw
 32029 | Shoals:2 | Killed Ilsuiw
 33223 | Shoals:3 | Reached skill level 15 in Armour
 33500 | Shoals:3 | Found Guipum's Armour Boutique.
 33509 | Shoals:3 | Bought a +2 pair of gloves for 264 gold pieces
 33808 | Shoals:4 | Entered Level 4 of the Shoals
 34524 | Shoals:4 | Paralysed by an air elemental for 1 turns
 34531 | Shoals:4 | Paralysed by an air elemental for 1 turns
 34638 | Shoals:4 | Paralysed by an air elemental for 1 turns
 34945 | Shoals:4 | Paralysed by an air elemental for 1 turns
 35037 | Shoals:4 | Identified the ring "Vebilah" {rElec rC- rN+ Dex+6}
 35373 | Shoals:4 | Paralysed by an air elemental for 1 turns
 35382 | Shoals:4 | Paralysed by an air elemental for 1 turns
 35391 | Shoals:4 | Paralysed by an air elemental for 1 turns
 35409 | Shoals:4 | Identified the +0 long sword "Fiqoim" {freeze, rPois rN+
                  | Int+3 Dex-3}
 35412 | Shoals:4 | Paralysed by an air elemental for 1 turns
 35417 | Shoals:4 | Paralysed by an air elemental for 1 turns
 35852 | Shoals:4 | Paralysed by an air elemental for 1 turns
 35858 | Shoals:4 | Paralysed by an air elemental for 1 turns
 35860 | Shoals:4 | Paralysed by an air elemental for 1 turns
 35956 | Shoals:4 | Reached XP level 18. HP: 157/174 MP: 25/29
 35956 | Shoals:4 | Paralysed by an air elemental for 1 turns
 36582 | Shoals:4 | Paralysed by an air elemental for 1 turns
 36586 | Shoals:4 | Paralysed by an air elemental for 1 turns
 36777 | Shoals:4 | Got a barnacled rune of Zot
 36780 | Shoals:4 | Got the Catalogue of Supportive Snow
 36786 | Shoals:4 | Paralysed by an air elemental for 1 turns
 36797 | Shoals:4 | Paralysed by an air elemental for 1 turns
 37600 | Orc:1    | Entered Level 1 of the Orcish Mines
 37714 | Orc:2    | Entered Level 2 of the Orcish Mines
 37714 | Orc:2    | Found Reitil's General Store.
 37940 | Orc:2    | Bought a scroll of fog for 22 gold pieces
 38936 | Orc:2    | Found Desirphaq's Antique Armour Boutique.
 38939 | Orc:2    | Found a staircase to the Elven Halls.
 38963 | Orc:2    | Noticed Maurice
 38965 | Orc:2    | Killed Maurice
 39134 | Orc:2    | Found Bal Civ's Book Boutique.
 39143 | Orc:2    | Bought a manual of Shields for 960 gold pieces
 39227 | Orc:2    | Bought a polished chain mail for 256 gold pieces
 39227 | Orc:2    | Identified the +1 chain mail of Jigsaw {rElec} (You bought
                  | it in a shop on level 2 of the Orcish Mines)
 39264 | Orc:2    | Found Barew's Specific Store.
 39266 | Orc:2    | Found Kiumn's General Store.
 39397 | Orc:2    | Found Cebuymong's Antique Weapon Shop.
 40619 | D:12     | Found a runed translucent gate.
 40622 | D:12     | Found a runed translucent gate.
 40623 | D:12     | Found a runed translucent gate.
 40624 | D:12     | Noticed Demosthentine's ghost (journeyman MfGl)
 40853 | D:12     | Noticed Urug
 40868 | D:12     | Killed Urug
 41241 | D:12     | You fall into a shaft and drop 2 floors!
 41398 | D:14     | Identified the +4 scale mail of Inaction {rF+ rC- Regen+
                  | Slay+3}
 41410 | D:14     | Acquired the amulet of Dyism {Acrobat rF+ rCorr Dex+2
                  | Slay+3}
 41707 | D:14     | Found a gate to the Vaults.
 42375 | D:13     | Identified the +1 robe of Setein {Str+5}
 42961 | D:12     | Found a viscous altar of Jiyva.
 43022 | D:12     | Killed Demosthentine's ghost
 43038 | D:12     | Identified the ring "Liolato" {EV+4 Int+6 Dex+2}
 43331 | D:15     | Entered Level 15 of the Dungeon
 43331 | D:15     | Noticed Nessos
 43337 | D:15     | Killed Nessos
 43533 | D:15     | Reached XP level 19. HP: 181/184 MP: 30/30
 44103 | D:15     | Found a staircase to the Depths.
 44352 | Elf:1    | Entered Level 1 of the Elven Halls
 44421 | Elf:1    | Found Femabla's Weapon Emporium.
 44462 | Elf:1    | Found Nyaqusmi's Antique Armour Boutique.
 44480 | Elf:1    | Found a transporter.
 44480 | Elf:1    | Paralysed by an air elemental for 1 turns
 44486 | Elf:1    | Paralysed by an air elemental for 1 turns
 44492 | Elf:1    | Found a bloodstained altar of Trog.
 44492 | Elf:1    | Noticed ooooo's ghost (adept DECj)
 44526 | Elf:1    | Found a transporter.
 44738 | Elf:1    | Paralysed by an air elemental for 1 turns
 44966 | Elf:1    | Found Eboil's Magic Scroll Shop.
 45082 | Elf:1    | Identified the +1 longbow of Bodily Harmony {vorpal, rCorr}
 45595 | Elf:2    | Reached ****** piety under Qazlal
 45704 | Elf:2    | Paralysed by an air elemental for 1 turns
 46090 | Elf:2    | Found a runed translucent gate.
 46090 | Elf:2    | Found a runed translucent gate.
 46097 | Elf:2    | Found a runed translucent gate.
 46103 | Elf:2    | Noticed Asterion
 46187 | Elf:3    | Entered Level 3 of the Elven Halls
 46324 | Elf:3    | Paralysed by an air elemental for 1 turns
 46499 | Elf:3    | Noticed a Tzitzimitl
 46584 | Elf:3    | Paralysed by an air elemental for 1 turns
 46630 | Elf:3    | Found Rukhlitycw's Armour Emporium.
 47022 | Elf:3    | Reached XP level 20. HP: 195/195 MP: 32/32
 47044 | Elf:3    | Bought a scarf of resistance for 576 gold pieces
 47276 | Elf:3    | Identified the +4 short sword of the Thing {venom, rPois
                  | Will+}
 47327 | Elf:3    | Identified the ring of Migink {rN+ Str+4 Slay+4 SInv}
 47331 | Elf:3    | Identified the ring "Metan" {Fly rElec Will++ rCorr Int-4}
 47331 | Elf:3    | Identified the ring "Bekiot" {rF+ rC+}
 47544 | Elf:3    | Found the +0 mask of the Dragon {Will+ Slay+3 SInv}
 47577 | Elf:3    | Got the Catalogue of Dark Poisoning
 47581 | Elf:3    | Got the Incunabulum of Poison
 47800 | Elf:2    | Killed Asterion
 48539 | Depths:1 | Entered Level 1 of the Depths
 49190 | Depths:1 | Found a hazy altar of Hepliaklqana.
 49559 | Depths:1 | Found a gateway to Hell.
 49965 | Depths:2 | Reached XP level 21. HP: 170/189 MP: 28/33
 50090 | Depths:2 | Found a gateway to a ziggurat.
 50267 | Depths:2 | Found Layrherph's Mass Market.
 50279 | Depths:1 | Identified the +8 quarterstaff "Dosy" {holy, rF+++}
 51018 | Vaults:1 | Entered Level 1 of the Vaults
 53044 | Vaults:2 | Found Fommiuda's Antique Weapon Shop.
 53132 | Vaults:2 | Found a staircase to the Crypt.
 53132 | Vaults:2 | Found a basalt altar of Yredelemnul.
 53137 | Vaults:2 | Found an ancient bone altar of Kikubaaqudgha.
 53218 | Vaults:2 | Identified the +9 dire flail "Qegeufank" {flame, rCorr
                  | Str+4 Int+7 Dex-5}
 53257 | Vaults:2 | Reached XP level 22. HP: 216/216 MP: 34/34
 53270 | Vaults:2 | Reached skill level 5 in Dodging
 53798 | Vaults:2 | Noticed Donald
 53806 | Vaults:2 | Killed Donald
 54576 | Vaults:3 | Identified the +2 plate armour of Leduf {rF+ Will- Dex+4}
 56328 | Vaults:4 | Learned a level 1 spell: Apportation
 56405 | Vaults:5 | Entered Level 5 of the Vaults
 56420 | Vaults:5 | Reached skill level 1 in Spellcasting
 56420 | Vaults:5 | Reached skill level 1 in Translocations
 56420 | Vaults:5 | Reached skill level 1 in Evocations
 56420 | Vaults:5 | Reached XP level 23. HP: 164/226 MP: 24/36
 57012 | Vaults:5 | Cast into level 2 of the Abyss (a deep elf demonologist)
 57054 | Vaults:5 | Escaped the Abyss
 57256 | Vaults:5 | Found the +4 dagger "Morg" {pain, Will+ Int+5}
 57439 | Vaults:5 | Noticed a dread lich
 57443 | Vaults:5 | Paralysed by a dread lich for 5 turns
 57451 | Vaults:5 | Killed a dread lich
 57548 | Vaults:5 | Identified the amulet of Ru's Wrath {Acrobat rN+}
 57559 | Vaults:5 | Identified the amulet of Nyn Lil {Acrobat Rampage Fragile
                  | Will++ Stlth+}
 57564 | Vaults:5 | Reached XP level 24. HP: 235/235 MP: 36/36
 57753 | Vaults:5 | Identified the ring of Ron Kiur {Wiz Slay+2}
 58028 | Vaults:5 | Noticed a dread lich
 58038 | Vaults:5 | Killed a dread lich
 58409 | Vaults:5 | Identified the +4 morningstar of Powerful Fortitude {flame,
                  | rN+ Will- Int+7 Dex-4 SInv}
 58411 | Vaults:5 | Identified the +0 leather armour of Niujom {Fly}
 58512 | Vaults:5 | Got a silver rune of Zot
 59482 | Depths:3 | Found a sparkling altar of Nemelex Xobeh.
 59866 | Depths:3 | Reached skill level 5 in Evocations
 59900 | Depths:3 | Identified the +4 bardiche "Zehileik" {drain, rN+}
 60040 | Depths:3 | Reached skill level 10 in Dodging
 60145 | Depths:3 | Found a one-way gate leading to the halls of Pandemonium.
 60330 | Depths:3 | Identified the +0 robe of the Kettle-Drum {rPois Slay+5}
 60780 | Depths:4 | Found a one-way gate to the infinite horrors of the Abyss.
 60873 | Depths:4 | Identified the ring "Puhemar" {Fly rC+ rN++ rCorr Str-4}
 60965 | Depths:4 | Found a magical portal.
 60973 | WizLab   | Entered Lehudib's Moon Base
 61321 | WizLab   | Reached XP level 25. HP: 244/244 MP: 37/37
 61356 | WizLab   | Identified the +5 battleaxe "Impbane" {vamp, *Noise rN+
                  | Int+3}
 61600 | WizLab   | Identified the ring "Jamu" {rF+ Dex+6 Stlth+}
 61653 | WizLab   | Gained mutation: Your magical capacity is low. (-10% MP) [a
                  | neqoxec]
 61707 | WizLab   | Found a transporter.
 61881 | WizLab   | Found a transporter.
 62159 | Depths:4 | Acquired the +9 eveningstar of World's End {vorpal, rPois
                  | Str+4 Int+2}
 62163 | Depths:4 | Acquired 682 gold pieces
 62470 | Orc:2    | Bought a scroll of enchant weapon for 82 gold pieces
 62470 | Orc:2    | Bought a scroll of magic mapping for 38 gold pieces
 62470 | Orc:2    | Bought a potion of heal wounds for 55 gold pieces
 62566 | Elf:1    | Bought a scroll of enchant weapon for 135 gold pieces
 62566 | Elf:1    | Bought a scroll of fear for 63 gold pieces
 62568 | Elf:1    | Acquired the ring of Zocrep {rElec rN+ Slay+4}
 62777 | D:8      | Bought a scroll of acquirement for 520 gold pieces
 62777 | D:8      | Bought a potion of curing for 30 gold pieces
 62777 | D:8      | Bought a potion of heal wounds for 50 gold pieces
 62777 | D:8      | Bought a potion of might for 40 gold pieces
 62977 | Lair:1   | Killed Ejua's ghost
 63121 | Shoals:2 | Killed Roxanne
 63310 | Snake:2  | Killed packetloss's ghost
 63626 | Elf:1    | Killed ooooo's ghost
 64246 | Depths:4 | You fall into a shaft and drop 1 floor!
 64246 | Depths:5 | Entered Level 5 of the Depths
 64511 | Depths:5 | Found an ornate altar of the Wu Jian Council.
 64584 | Depths:5 | Reached skill level 5 in Translocations
 64781 | Depths:4 | Found a runed translucent gate.
 64781 | Depths:4 | Found a runed translucent gate.
 64781 | Depths:4 | Found a runed translucent gate.
 64781 | Depths:4 | Noticed Xemiukyb's ghost (adept HaHu)
 64810 | Depths:4 | Killed Xemiukyb's ghost
 65382 | Depths:4 | Found an opulent altar of Gozag.
 65831 | Depths:5 | Reached XP level 26. HP: 240/254 MP: 34/34
 66282 | Depths:5 | Found a gate to the Realm of Zot.
 66943 | Zot:1    | Entered Level 1 of the Realm of Zot
 67184 | Depths:5 | Learned a level 2 spell: Blink
 68067 | Zot:1    | Identified the +1 robe of the Orb {Int+2}
 68904 | Snake:4  | Bought a potion of curing for 138 gold pieces
 68904 | Snake:4  | Bought a scroll of teleportation for 138 gold pieces
 68904 | Snake:4  | Bought a scroll of enchant armour for 345 gold pieces
 69395 | Zot:1    | Acquired the +1 pair of gloves "Zotsawn" {rC+ Will++}
 70623 | Zot:3    | Reached XP level 27. HP: 249/261 MP: 27/34
 71648 | Zot:3    | You fall into a shaft and drop 1 floor!
 71685 | Zot:4    | Reached skill level 15 in Dodging
 71751 | Zot:4    | Reached skill level 10 in Translocations
 73752 | Depths:4 | Voluntarily entered the Abyss.
 74064 | Abyss:3  | Found a corrupted altar of Lugonu.
 74184 | Abyss:4  | Identified the +6 long sword "Minotaur's Bane" {holy, *Rage
                  | rF+ rCorr}
 74596 | Abyss:4  | Got an abyssal rune of Zot
 74613 | Depths:4 | Escaped the Abyss
 74773 | Hell     | Entered the Vestibule of Hell
 74773 | Hell     | Noticed Geryon
 74795 | Hell     | Killed Geryon
 74811 | Hell     | Noticed Murray
 75546 | Hell     | Killed Murray
 75873 | Hell     | Found a gateway to the decaying netherworld of Tartarus.
 75923 | Hell     | Reached skill level 5 in Spellcasting
 75975 | Hell     | Found a gateway to the ashen valley of Gehenna.
 76022 | Hell     | Found a gateway to the Iron City of Dis.
 76273 | Hell     | Found a gateway to the freezing wastes of Cocytus.
 76745 | Slime:1  | Entered Level 1 of the Pits of Slime
 77935 | Slime:1  | Reached skill level 1 in Throwing
 78570 | Slime:5  | Entered Level 5 of the Pits of Slime
 78806 | Slime:5  | Noticed the Royal Jelly
 78819 | Slime:5  | Killed the Royal Jelly
 79047 | Slime:5  | Identified the +6 whip "Refeessago" {spect, *Slow Fly
                  | Will+++ Str-4}
 79050 | Slime:5  | Identified the +4 quarterstaff "Xoehufoe" {vorpal, +Rage
                  | Dex+6}
 79053 | Slime:5  | Identified the +4 mace "Yczi" {spect, +Blink rPois}
 79076 | Slime:5  | Gained mutation: You have a somewhat thin skeletal
                  | structure. (Dex +2, Stealth+) [a shining eye]
 79077 | Slime:5  | Gained mutation: You sometimes lose the ability to read
                  | scrolls when taking damage. [a shining eye]
 79096 | Slime:5  | Got a slimy rune of Zot
 79097 | Slime:5  | Identified the +8 demon trident of Makh {venom, rN++ Dex+3}
 79126 | Slime:5  | Identified the ring of Birdsong {rPois rN+ MP+9 EV+4}
 79149 | Slime:5  | Identified the ring "Ymihira" {Ice rPois}
 81486 | Pan      | Entered Pandemonium
 81738 | Pan      | Reached skill level 5 in Throwing
 82056 | Pan      | Identified the +0 plate armour "Cuka Fug" {rN++ Will-
                  | Int+4}
 82477 | Pan      | Noticed Waemiw the pandemonium lord
 82509 | Pan      | Killed Waemiw the pandemonium lord
 82785 | Pan      | Noticed Wuarhy the pandemonium lord
 82794 | Pan      | Killed Wuarhy the pandemonium lord
 83420 | Pan      | Found a white marble altar of Elyvilon.
 84573 | Pan      | Identified the +1 tower shield of Starshine {rPois rN++
                  | Str+2 Stlth+}
 84813 | Pan      | Noticed a seraph
 84822 | Pan      | Killed a seraph
 84850 | Pan      | Found a glowing golden altar of the Shining One.
 85014 | Pan      | Got a demonic rune of Zot
 85018 | Pan      | Identified the +5 scimitar "Cevukyo" {vorpal, Fly rC+++
                  | Int-3 Dex-3}
 85026 | Pan      | Identified the +4 short sword "Yzxuep" {vorpal, rElec
                  | Will+}
 85027 | Pan      | Identified the +7 shortbow "Wumpebue" {freeze, Will+}
 85534 | Pan      | Found a glowing silver altar of Zin.
 87323 | Pan      | Entered the realm of Cerebov.
 87327 | Pan      | Noticed Mennas
 87355 | Pan      | Killed Mennas
 87356 | Pan      | Reached skill level 27 in Invocations
 87529 | Pan      | Found an exit through the horrors of the Abyss.
 87996 | Pan      | Found the +6 sword of Cerebov {flame}
 87996 | Pan      | Noticed Cerebov
 87998 | Pan      | Identified the +8 halberd of Indomitability {chaos, rPois
                  | Str-4 Dex+4 SInv}
 88009 | Pan      | Identified the +3 ring mail of Broken Taboos {Int+4 Stlth+}
 88009 | Pan      | Identified the ring of Sybasat {Fire Dex+4}
 88028 | Pan      | Killed Cerebov
 88029 | Pan      | Reached skill level 27 in Shields
 88076 | Pan      | Identified the +8 scimitar "Olulupn" {venom, *Slow +Rage
                  | Int+3}
 88719 | Pan      | Identified the +1 leather armour of the Vaults {rPois
                  | Regen+ Dex+2 Slay+2}
 88872 | Pan      | Identified the +3 hand axe "Bisk" {holy, rPois rCorr Dex+4
                  | Stlth-}
 88896 | Pan      | Identified the +8 war axe of Omerr {freeze, rElec rN+
                  | Int-2}
 88920 | Pan      | Got the Guide on Freezing Lightness
 88922 | Pan      | Identified the -6 pair of gloves of the Komodo Dragon
                  | {*Corrode rElec Will+++ Stlth-}
 88963 | Pan      | Got a fiery rune of Zot
 89037 | Pan      | Entered the realm of Gloorx Vloq.
 89174 | Pan      | Reached skill level 10 in Throwing
 89744 | Pan      | Noticed Gloorx Vloq
 89772 | Pan      | Killed Gloorx Vloq
 90747 | Pan      | Got a dark rune of Zot
 90857 | Pan      | Entered the realm of Mnoleg.
 90888 | Pan      | Gained mutation: You are clumsy. (Dex -2) [a neqoxec]
 90928 | Pan      | Gained mutation: You tend to lose your temper in combat. [a
                  | neqoxec]
 90944 | Pan      | Gained mutation: You are very clumsy. (Dex -4) [a neqoxec]
 91002 | Pan      | Gained mutation: You are weak. (Str -2) [a neqoxec]
 91024 | Pan      | Noticed Mnoleg
 91047 | Pan      | Killed Mnoleg
 91608 | Pan      | Gained mutation: Your body sometimes deteriorates upon
                  | taking damage. [a neqoxec]
 91609 | Pan      | Gained mutation: Your spells are a little harder to cast,
                  | but a little more powerful. [a neqoxec]
 91640 | Pan      | Paralysed by a floating eye for 4 turns
 91939 | Pan      | Paralysed by a floating eye for 3 turns
 91995 | Pan      | Got a glowing rune of Zot
 92247 | Pan      | Noticed Ger Yguo the pandemonium lord
 92256 | Pan      | Killed Ger Yguo the pandemonium lord
 92640 | Pan      | Gained mutation: You are dopey. (Int -2) [a cacodemon]
 92645 | Pan      | Reached skill level 27 in Fighting
 93223 | Pan      | Entered the realm of Lom Lobon.
 93267 | Pan      | Noticed Lom Lobon
 93290 | Pan      | Got a magical rune of Zot
 93290 | Pan      | HP: 13/273 [spore (14)]
 93291 | Pan      | Found an exit through the horrors of the Abyss.
 93293 | Pan      | HP: 5/273 [smoke demon/divine providence (9)]
 93297 | Pan      | Took an exit into the Abyss.
 93297 | Abyss:1  | Escaped into the Abyss
 93303 | Depths:3 | Escaped the Abyss
 93858 | Depths:1 | Lost mutation: Your body sometimes deteriorates upon taking
                  | damage. [potion of mutation]
 93858 | Depths:1 | Lost mutation: You are very clumsy. (Dex -4) [potion of
                  | mutation]
 93858 | Depths:1 | Gained mutation: You have sharp toenails. [potion of
                  | mutation]
 93858 | Depths:1 | Gained mutation: Armour fits poorly on your strangely
                  | shaped body. [potion of mutation]
 93858 | Depths:1 | Gained mutation: You are partially covered in iridescent
                  | scales. (AC +2) [potion of mutation]
 94031 | Vaults:2 | Lost mutation: You are dopey. (Int -2) [potion of mutation]
 94031 | Vaults:2 | Lost mutation: You tend to lose your temper in combat.
                  | [potion of mutation]
 94031 | Vaults:2 | Gained mutation: You are very weak. (Str -4) [potion of
                  | mutation]
 94031 | Vaults:2 | Lost mutation: Armour fits poorly on your strangely shaped
                  | body. [potion of mutation]
 94031 | Vaults:2 | Lost mutation: You are very weak. (Str -4) [potion of
                  | mutation]
 94472 | Lair:3   | Lost mutation: You are weak. (Str -2) [potion of mutation]
 94472 | Lair:3   | Lost mutation: You are partially covered in iridescent
                  | scales. (AC +2) [potion of mutation]
 94472 | Lair:3   | Lost mutation: You have sharp toenails. [potion of
                  | mutation]
 94536 | Shoals:3 | Lost mutation: You have a somewhat thin skeletal structure.
                  | (Dex +2, Stealth+) [potion of mutation]
 94536 | Shoals:3 | Lost mutation: Your spells are a little harder to cast, but
                  | a little more powerful. [potion of mutation]
 94536 | Shoals:3 | Gained mutation: You tend to lose your temper in combat.
                  | [potion of mutation]
 94536 | Shoals:3 | Lost mutation: You are clumsy. (Dex -2) [potion of
                  | mutation]
 94641 | Lair:6   | Lost mutation: Your magical capacity is low. (-10% MP)
                  | [potion of mutation]
 94641 | Lair:6   | Lost mutation: You sometimes lose the ability to read
                  | scrolls when taking damage. [potion of mutation]
 94641 | Lair:6   | Lost mutation: You tend to lose your temper in combat.
                  | [potion of mutation]
 94641 | Lair:6   | Gained mutation: Your spells are a little easier to cast,
                  | but a little less powerful. [potion of mutation]
 94641 | Lair:6   | Lost mutation: Your spells are a little easier to cast, but
                  | a little less powerful. [potion of mutation]
 94641 | Lair:6   | Gained mutation: You have an increased reservoir of magic.
                  | (+10% MP) [potion of mutation]
 95182 | Zot:5    | Entered Level 5 of the Realm of Zot
 95964 | Zot:5    | Acquired 634 gold pieces
 96154 | Zot:5    | Noticed an orb of fire
 96157 | Zot:5    | Gained mutation: Your body sometimes deteriorates upon
                  | taking damage. [an orb of fire]
 96158 | Zot:5    | Noticed an orb of fire
 96165 | Zot:5    | Gained mutation: You do not regenerate when monsters are
                  | visible. [an orb of fire]
 96169 | Zot:5    | Gained mutation: Your muscles are strong. (Str +2) [an orb
                  | of fire]
 96176 | Zot:5    | Lost mutation: Your muscles are strong. (Str +2) [an orb of
                  | fire]
 96176 | Zot:5    | Gained mutation: You are dopey. (Int -2) [an orb of fire]
 96183 | Zot:5    | Killed an orb of fire
 96195 | Zot:5    | Gained mutation: Your spells are a little easier to cast,
                  | but a little less powerful. [an orb of fire]
 96197 | Zot:5    | Killed an orb of fire
 96427 | Zot:5    | Noticed a dread lich
 96446 | Zot:5    | Killed a dread lich
 96518 | Zot:5    | Found a runed translucent door.
 96519 | Zot:5    | Noticed Xerom's ghost (legendary GnFi)
 96535 | Zot:5    | Killed Xerom's ghost
 97228 | Crypt:1  | Entered Level 1 of the Crypt
 97228 | Crypt:1  | Found a runed translucent gate.
 97228 | Crypt:1  | Found a runed translucent gate.
 97228 | Crypt:1  | Found an opulent altar of Gozag.
 97228 | Crypt:1  | Found a runed translucent gate.
 97237 | Crypt:1  | Noticed Katt's ghost (adept MiFi)
 97339 | Crypt:1  | Found Ofoceyri's Assorted Antiques.
 97780 | Vaults:2 | Killed Katt's ghost
 97875 | Crypt:1  | Bought a potion of curing for 114 gold pieces
 97875 | Crypt:1  | Bought a potion of curing for 114 gold pieces
 99219 | Crypt:3  | Entered Level 3 of the Crypt
100049 | Crypt:3  | Found a staircase to the Tomb.
100478 | Crypt:3  | Found an ancient bone altar of Kikubaaqudgha.
100478 | Crypt:3  | Found a basalt altar of Yredelemnul.
100659 | Crypt:3  | Identified the +0 lajatang "Qainke Tazu" {freeze, +Blink
                  | rPois rF+}
100729 | Tomb:1   | Entered Level 1 of the Tomb of the Ancients
101312 | Tomb:1   | Learned a level 5 spell: Manifold Assault
101762 | Tomb:1   | Reached skill level 15 in Throwing
101768 | Tomb:1   | Noticed a royal mummy
101781 | Tomb:1   | Killed a royal mummy
102537 | Coc:1    | Entered Level 1 of Cocytus
103789 | Coc:5    | Reached skill level 27 in Armour
103856 | Coc:7    | Entered Level 7 of Cocytus
108757 | Coc:7    | Reached skill level 27 in Maces & Flails
109103 | Coc:7    | Identified the +11 great sword of Tension {pain, Int+4
                  | Stlth+}
109103 | Coc:7    | Noticed Antaeus
109129 | Coc:7    | Killed Antaeus
109530 | Coc:7    | Got an icy rune of Zot
109541 | Coc:7    | Reached skill level 15 in Translocations
109567 | Coc:7    | Identified the +4 rapier "Wuog" {flame, *Corrode Fly rN+
                  | Int+6}
109571 | Coc:7    | Identified the +10 spear of Charity {vorpal, *Noise Int+4
                  | Dex+3}
109572 | Coc:7    | Identified the +1 shortbow of Evolution {freeze, Dex+4}
111066 | Geh:1    | Entered Level 1 of Gehenna
112770 | Geh:7    | Entered Level 7 of Gehenna
114836 | Geh:7    | Found the +7 sceptre of Asmodeus
114836 | Geh:7    | Noticed Asmodeus
115410 | Geh:7    | Upgraded the game from 0.28-a0-32-g8dfe7f97f6 to
                  | 0.28-a0-43-g560ac104fe
115831 | Geh:7    | Killed Asmodeus
115837 | Geh:7    | Got an obsidian rune of Zot
116045 | Dis:1    | Entered Level 1 of the Iron City of Dis
117030 | Dis:6    | Reached skill level 10 in Evocations
118208 | Dis:5    | Found a burning altar of Makhleb.
118217 | Dis:5    | Reached skill level 10 in Spellcasting
118628 | Dis:7    | Entered Level 7 of the Iron City of Dis
119440 | Dis:7    | Gained mutation: You sometimes lose the ability to read
                  | scrolls when taking damage. [a cacodemon]
120429 | Dis:7    | Slain by an iron giant

Illustrated notes

Levels and vault maps discovered:
D:1:      dpeg_arrival_rhombi, layout_loops_ring,
          ebering_ecumenical_altar_abandoned
D:2:      layout_rooms, minmay_worlds_worst_comb
D:3:      layout_loops_cross, gammafunk_ghost_split, kennysheep_boxes,
          uniq_grinder, uniq_ijyb, uniq_crazy_yiuf_cottage
D:4:      layout_rooms, gammafunk_ghost_split
D:5:      cheibrodos_thug_alley, layout_basic, serial_aquarium,
          aquarium_bridge_square [aquarium_subvault_bridge,
          aquarium_subvault_wall, aquarium_subvault_balcony,
          aquarium_subvault_wall], aquarium_bridge_square
          [aquarium_subvault_bridge, aquarium_subvault_bridge,
          aquarium_subvault_wall, aquarium_subvault_bridge], aquarium_window_1,
          aquarium_window_fake, aquarium_window_2, aquarium_window_3,
          aquarium_view_2c, aquarium_balcony_1b, aquarium_pool_2
D:6:      layout_gridville, lemuel_round_altar,
          gammafunk_temple_overflow_statue, uniq_prince_ribbit1
D:7:      nzn_winding_woodlands_stair_cross
          [nzn_winding_woodlands_5x15_longhouse,
          nzn_winding_woodlands_center_lodge, nzn_winding_woodlands_5x15_cabin,
          nzn_winding_woodlands_5x5_checkerboard,
          nzn_winding_woodlands_5x5_cross, nzn_winding_woodlands_5x15_twine,
          nzn_winding_woodlands_center_pierced_h,
          nzn_winding_woodlands_5x15_pockets], layout_cave_pools,
          general_overflow_altar, marbit_many_paths, minmay_door_square
D:8:      cheibrodos_shockbox, layout_loops_ring, kennysheep_little_box,
          okawaru_trees_1, serial_shops, nicolae_take_the_stairs,
          nicolae_square_shop, minmay_misc_feat_tiny, minivault_27
D:9:      layout_long_grid, nicolae_ru_awakened_eye, minivault_14,
          feat_on_display
D:10:     layout_cave_pods, erik_lair_orcish_takeover, serial_column_ruins,
          column_ruins_hut, column_ruins_grid_1, column_ruins_columns_straight,
          column_ruins_open_tiny, column_ruins_corridor_corner,
          column_ruins_columns_corner, billiards_dpeg, uniq_grum
D:11:     layout_stronghold, gauntlet_entry_generic
D:12:     layout_irregular_city, gammafunk_ghost_ooze,
          minmay_the_grid_square_5x5_3x3_mashed
          [minmay_the_grid_square_5x5_gyroscope,
          minmay_the_grid_square_5x5_eight,
          minmay_the_grid_square_5x5_inverted_slash,
          minmay_the_grid_square_5x5_minibox,
          minmay_the_grid_square_5x5_megaprize_diamond,
          minmay_the_grid_square_5x5_tie, minmay_the_grid_square_5x5_spiral,
          minmay_the_grid_square_5x5_seven, minmay_the_grid_square_5x5_meh],
          uniq_urug
D:13:     layout_basic
D:14:     layout_basic, grunt_vaults_entry_tiered, minmay_misc_feat_tower
D:15:     grunt_enter_depths_magical_seal, layout_basic, serial_park_tiny_2,
          uniq_nessos
Temple:   jpeg_temple_clearing
Lair:1:   layout_long_grid, ebering_ghost_inner_flame
Lair:2:   layout_cave_pods, grunt_megastairs_5, lemuel_fruit_fields,
          infiniplex_staircase_pool_2, serial_bayou_shore_b
Lair:3:   layout_regular_city, minmay_shoals_entry_beasts,
          minmay_snake_entry_six_corridors, roderic_batcave,
          serial_bayou_shore_a, lemuel_fruit_fields
Lair:4:   layout_small_grid, lemuel_fruit_tree, uniq_nergalle
Lair:5:   layout_regular_city, minmay_slime_entry_jelly_boxes
Lair:6:   guppyfry_lair_end_dragon, layout_regular_city,
          hangedman_lair_tendril_chambers, serial_bayou_shore_b, uniq_rupert,
          uniq_sonja, uniq_kirke
Shoals:1: layout_shoals, serial_shops, nicolae_shop_waterfront,
          nicolae_shoals_flooded_hall
Shoals:2: layout_shoals, nzn_prometheus_bound, uniq_ilsuiw, uniq_polyphemus,
          uniq_jorgrun, uniq_roxanne
Shoals:3: cheibrodos_shoals_satyrical_garden, layout_shoals, serial_shops, shop
Shoals:4: shoals_end_hellmonk_storm_palace [storm_palace_center_square,
          storm_palace_corner_narrow, storm_palace_corner_pillars,
          storm_palace_corner_grid, storm_palace_corner_blocked]
Snake:1:  layout_basic, special_room, serial_bayou_shore_b, uniq_aizul
Snake:2:  layout_onion, gammafunk_ghost_split, special_room, grunt_megastairs_1,
          uniq_agnes
Snake:3:  layout_onion_interference, nicolae_snake_snake_lake
Snake:4:  snake_pit, layout_cave_town, serial_shops, nicolae_shop_behind_doors,
          uniq_louise
Slime:1:  layout_caves, cheibrodos_slime_lost_civilization_7
Slime:2:  nicolae_slime_jelly_donut, layout_caves
Slime:3:  layout_caves
Slime:4:  layout_caves
Slime:5
Orc:1:    minmay_goldmine, layout_diamond_mine
Orc:2:    grunt_orc_gardens, layout_diamond_mine, grunt_orc_garden,
          grunt_orc_garden, grunt_orc_garden, grunt_orc_garden, basic_altar,
          nicolae_orc_rockfall, nicolae_orc_flooded_monolith,
          nicolae_specific_store, uniq_maurice
Elf:1:    eino_elf_arrival_the_gate, layout_gridlike,
          gammafunk_ghost_wrathful_warriors, serial_shops, shop, shop,
          shop_statue, kennysheep_underground_church
Elf:2:    nicolae_elf_blades_splatter_lattice [nicolae_blade_bullseye],
          layout_gridlike, lemuel_flamethrower_2, uniq_asterion
Elf:3:    minmay_elf_hall_curves, layout_geoelf_diagonals, serial_shops,
          shop_statue, minivault_24
Vaults:1: v_misc_2, st_squares, nicolae_vaults_circle_grid_a,
          hangedman_vaults_stagger, v_misc_28, vaults_room_door_ring,
          nicolae_vaults_little_squares_6, grunt_vaults_diagonal,
          nicolae_vaults_alarming, layout_vaults_chaotic_city
Vaults:2: nicolae_vaults_asterisk, v_misc_25, v_misc_22,
          minmay_crypt_entry_necro_gods, v_rooms_2,
          nicolae_vaults_little_squares_3, nicolae_vaults_halls_meeting,
          hangedman_vaults_trim, v_misc_14, nicolae_vaults_gold_heap,
          nicolae_vaults_asterisk, nicolae_vaults_windows_and_doors_thing,
          vaults_room_hallway, hangedman_vaults_stretched_pinwheel,
          layout_vaults_maze_snakey, serial_shops, nicolae_square_shop,
          uniq_donald
Vaults:3: hangedman_vaults_pinch, nicolae_vaults_diagonal_hallway_6,
          nicolae_vaults_puzzle_piece, ontoclasm_vaults_shuriken,
          layout_vaults_omnigrid
Vaults:4: vaults_room_pools, v_pattern_4, grunt_vaults_twisty,
          ontoclasm_vaults_ring_square, vaults_mumra_hex, ontoclasm_vaults_chip,
          dpeg_vaults_monster_box, st_cross, nicolae_vaults_stairing_the_circle,
          vaults_dpeg_spiral, grunt_vaults_hallway_short, layout_vaults_omnibox
Vaults:5: serial_shops
Crypt:1:  layout_regular_city, ebering_ghost_gozag
Crypt:2:  layout_basic, item_on_display_a, lemuel_elevator
Crypt:3:  lightli_unholy_cathedral, layout_chaotic_city,
          roderic_lattice_octagonal_star
Tomb:1
Depths:1: layout_gridlike, hangedman_geh_valley, nrook_pool_corridor,
          solitary_fountain, minmay_misc_feat_columns, minmay_misc_feat_chi,
          dk_noncrumbling_2, solitary_fountain, minivault_16,
          nicolae_hepliaklqana_monster_ancestors, firewood_loft
Depths:2: constructs_gauntlet_mu_hangedman, layout_cave_pools, enter_ziggurat_f,
          grunt_mini_vestibule, columned_hall_lemuel, minmay_shop_mass,
          minmay_staircase_statues_hall_small
Depths:3: grunt_double_whammy, layout_gridlike, lemuel_round_altar,
          pf_coc_iceberg, rand_demon_pan_entry_8, kennysheep_small_square
Depths:4: kennysheep_bubble_arena, layout_basic, biasface_ghost_demon_polymorph,
          grunt_gozag_statues, abyss_entry, mu_enter_wizlab_6, hell_entry,
          infiniplex_staircase_split_hallway
Depths:5: grunt_bruiser_brothers, layout_honeycomb, hell_entry,
          nzn_wu_jian_contemplation
Hell
Dis:1:    layout_gridville
Dis:2:    layout_chaotic_city
Dis:3:    hangedman_iron_city_apartments, layout_subdivisions
Dis:4:    layout_subdivisions
Dis:5:    kennysheep_iron_temple, layout_jigsaw
Dis:6:    layout_chaotic_city
Dis:7:    dis_st
Geh:1:    layout_gehenna_lava_caves, nicolae_geh_single_fiery_grave
Geh:2:    layout_gehenna_pools_basic
Geh:3:    layout_gehenna_pools_box, hangedman_mysterious_dungeon_monster_house
Geh:4:    layout_gehenna_pools_basic
Geh:5:    layout_gehenna_pools_triple
Geh:6:    layout_gehenna_lava_caves
Geh:7:    geh_old
Coc:1:    layout_cocytus_water_paths
Coc:2:    layout_ice_bergs
Coc:3:    layout_cocytus_water_paths
Coc:4:    layout_cocytus_water_paths
Coc:5:    layout_cocytus_water_paths
Coc:6:    layout_cocytus_water_paths
Coc:7:    coc_old
Zot:1:    layout_twisted_circle, grunt_megastairs_4
Zot:2:    nicolae_moth_party, layout_gridlike
Zot:3:    grunt_twist_and_shout, layout_onion, st_stairs_7, grunt_ministairs_12,
          lemuel_elevator
Zot:4:    grunt_zot_stairs_overgrown, layout_misc_corridors
Zot:5:    layout_basic, ebering_ghost_reflecting_pool, st_stairs_6,
          bh_zot_levy_curve, skrybe_zot_glass_2

Skill      XL: |  1  2  3  4  5  6  7  8  9 10 11 12 13 14 15 16 17 18 19 20 21 22 23 24 25 26 27 |
---------------+----------------------------------------------------------------------------------+-----
Fighting       | 4 5 6 8 10 12 13 15 16 17 18 19 20 21 22 23 24 27 | 27.0
Armour         | 4 5 6 7 9 10 11 12 13 14 15 16 18 19 20 21 27 | 27.0
Shields        | 4 5 6 8 9 10 11 12 13 14 17 19 20 22 23 24 25 27 | 27.0
Maces & Flails | 3 4 5 6 7 8 10 11 12 14 15 16 17 18 19 27 | 27.0
Invocations    | 2 4 7 9 11 13 14 15 16 17 18 19 21 23 24 25 27 | 27.0
Dodging        | 3 4 8 9 10 11 13 26 | 26.4
Spellcasting   | 1 3 4 10 | 10.6
Translocations | 1 3 4 5 8 16 | 16.7
Evocations     | 1 4 5 11 | 11.5
Throwing       | 18 | 18.0

Action                   |  1- 3 |  4- 6 |  7- 9 | 10-12 | 13-15 | 16-18 | 19-21 | 22-24 | 25-27 || total
-------------------------+-------+-------+-------+-------+-------+-------+-------+-------+-------++-------
Melee: Flail             |    70 |       |       |       |       |       |       |       |       ||    70
       Headbutt          |    14 |    25 |    45 |   126 |   342 |   638 |   566 |   644 |  2682 ||  5082
       Morningstar       |       |   112 |   261 |   598 |   622 |       |       |       |       ||  1593
       Whip              |       |       |       |       |   457 |  1392 |   683 |       |       ||  2532
       Mace              |       |       |       |       |       |   714 |   503 |       |       ||  1217
       Demon whip        |       |       |       |       |       |       |   229 |   825 |  1299 ||  2353
       Sacred scourge    |       |       |       |       |       |       |   158 |   589 |  6525 ||  7272
Throw: Dart              |       |       |     6 |     3 |       |     1 |       |       |       ||    10
       Javelin           |       |       |       |       |       |       |       |       |    10 ||    10
 Cast: Manifold Assault  |       |       |       |       |       |       |       |       |    21 ||    21
       Apportation       |       |       |       |       |       |       |       |       |    11 ||    11
Invok: Upheaval          |       |       |       |     8 |     8 |    33 |     9 |     2 |    63 ||   123
       Elemental Force   |       |       |       |       |     8 |     5 |     3 |     2 |       ||    18
       Disaster Area     |       |       |       |       |       |       |       |     4 |    11 ||    15
Evoke: Wand              |       |     1 |       |     1 |       |       |     2 |     1 |     3 ||     8
       Horn of Geryon    |       |       |       |       |       |       |       |       |     1 ||     1
  Use: Scroll            |       |       |    11 |     7 |     8 |     2 |     2 |     1 |    30 ||    61
       Potion            |       |       |     2 |     6 |     3 |       |       |       |    14 ||    25
 Stab: Paralysed         |       |       |       |       |     6 |     8 |       |     4 |       ||    18
       Petrified         |       |       |       |       |       |     9 |       |       |       ||     9
       Petrifying        |       |       |       |       |       |     1 |       |       |       ||     1
       Distracted        |       |       |       |       |       |     1 |       |       |       ||     1
Armor: Scale mail        |    38 |    51 |    53 |       |       |    24 |    80 |   102 |     2 ||   350
       Chain mail        |       |       |   103 |   271 |    17 |       |       |       |       ||   391
       Skin              |       |       |       |    12 |       |       |       |       |       ||    12
       Ring mail         |       |       |       |       |    91 |       |       |       |       ||    91
       Plate armour      |       |       |       |       |   108 |   343 |       |       |       ||   451
       Troll leather arm |       |       |       |       |       |       |       |       |    38 ||    38
       Gold dragon scale |       |       |       |       |       |       |       |       |   719 ||   719
Dodge: Dodged            |    20 |    41 |    82 |   140 |   184 |   231 |   237 |   241 |  1321 ||  2497
       Repelled          |       |       |       |       |     7 |    11 |    21 |     9 |   101 ||   149
Block: Kite shield       |    39 |    55 |   163 |   531 |   340 |       |       |       |       ||  1128
       Tower shield      |       |       |       |       |  1115 |  2620 |  1446 |  1589 |  8139 || 14909

Table legend: (Time is in decaauts)
 A = Elapsed time spent in this place.
 B = Non-inter-level travel time spent in this place.
 C = Inter-level travel time spent in this place.
 D = Time resting spent in this place.
 E = Time spent auto-exploring this place.
 F = Levels seen in this place.
 G = Mean time per level.
                   A        B        C        D        E       F      G
               +--------+--------+--------+--------+--------+-----+--------+
         Total | 115502 | 101077 |  14425 |  26372 |  48888 |  98 | 1178.6 |
       Dungeon |  19567 |  15021 |   4546 |   2378 |   9812 |  15 | 1304.5 |
        Temple |    152 |     98 |     54 |      0 |     94 |   1 |  152.0 |
          Lair |  10401 |   8402 |   1999 |   1872 |   5360 |   6 | 1733.5 |
        Shoals |   8307 |   7722 |    585 |   2960 |   2756 |   4 | 2076.8 |
     Snake Pit |   8026 |   7456 |    570 |   2571 |   3183 |   4 | 2006.5 |
    Slime Pits |   2944 |   2688 |    256 |    395 |   1720 |   5 |  588.8 |
  Orcish Mines |   2303 |   1915 |    388 |    329 |   1163 |   2 | 1151.5 |
   Elven Halls |   4737 |   3720 |   1017 |    184 |   2110 |   3 | 1579.0 |
        Vaults |   7407 |   6419 |    988 |    452 |   4499 |   5 | 1481.4 |
         Crypt |   3624 |   3416 |    208 |    970 |   1888 |   3 | 1208.0 |
          Tomb |   1113 |   1112 |      1 |    514 |    214 |   1 | 1113.0 |
        Depths |   9740 |   7667 |   2073 |   2031 |   4107 |   5 | 1948.0 |
          Hell |   2702 |   2662 |     40 |   1859 |    369 |   1 | 2702.0 |
           Dis |   3390 |   3366 |     24 |   1075 |    944 |   7 |  484.3 |
       Gehenna |   3826 |   3335 |    491 |   1060 |    939 |   7 |  546.6 |
       Cocytus |   6683 |   6197 |    486 |   2740 |   1455 |   7 |  954.7 |
           Zot |   6913 |   6220 |    693 |   1741 |   2982 |   5 | 1382.6 |
         Abyss |    795 |    795 |      0 |    133 |     37 |   6 |  132.5 |
   Pandemonium |  10933 |  10933 |      0 |   2909 |   4297 |   9 | 1214.8 |
        Wizlab |   1081 |   1081 |      0 |    151 |    455 |   1 | 1081.0 |
      Gauntlet |    848 |    848 |      0 |     46 |    501 |   1 |  848.0 |
               +--------+--------+--------+--------+--------+-----+--------+

Top non-repeatable levels by time:
   Coc:7: 4850 daAuts
 Snake:3: 2887 daAuts
Depths:3: 2871 daAuts
Shoals:3: 2831 daAuts
    Hell: 2702 daAuts
  Lair:3: 2483 daAuts
 Snake:2: 2287 daAuts
    D:10: 2203 daAuts
Shoals:4: 2092 daAuts
Depths:1: 2020 daAuts
     D:6: 1978 daAuts
Depths:5: 1946 daAuts
  Lair:6: 1894 daAuts
Shoals:2: 1810 daAuts
   Geh:7: 1783 daAuts
